 Dungeon Crawl Stone Soup version 0.17-a0-1793-gcbb3aa1 (webtiles) character file.

340 Oddball22 the Stinger (level 6, 0/91 HPs)
             Began as a Demonspawn Venom Mage on Sept 10, 2015.
             Succumbed to poison (a potion of poison)
             ... on level 3 of the Dungeon.
             The game lasted 00:10:37 (3461 turns).

Oddball22 the Stinger (Demonspawn Venom Mage)       Turns: 3461, Time: 00:10:37

Health: 0/91       AC: 23    Str: 13    XL:     6   Next: 30%
Magic:  12/12      EV:  2    Int: 17    God:
Gold:   93         SH:  0    Dex: 15    Spells: 4 memorised, 3 levels left

rFire  . . .     SeeInvis .     s - +0 scythe
rCold  . . .     Clarity  .     (armour currently unavailable)
rNeg   + + +     SustAt   .     (no shield)
rPois  +         Gourm    .     (helmet currently unavailable)
rElec  .         Spirit   .     (cloak currently unavailable)
rCorr  .         Warding  .     (gloves currently unavailable)
rMut   .         NoTele   +     (boots currently unavailable)
MR     .....                    (no amulet)
Stlth  ..........               (no ring)
                                r - +3 ring of evasion

@: berserking, lethally poisoned (0 -> -7), tree-form, very quick, not resistant
to hostile enchantments, extremely unstealthy
A: (hooves 0), (large bone plates 0), powered by pain 2
a: no special abilities


You were on level 3 of the Dungeon.
You were not hungry.
You were a tree.
You visited 1 branch of the dungeon, and saw 3 of its levels.

You collected 93 gold pieces.

Inventory:

Hand weapons
 k - a +0 spear
 s - a +0 scythe (weapon)
Armour
 a - a +0 robe (melded)
 t - a +0 cloak (melded)
Jewellery
 r - a +3 ring of evasion (left branch)
Magical devices
 x - a wand of teleportation (4)
Scrolls
 d - 2 scrolls of fear {unknown}
 g - 2 scrolls of random uselessness {unknown}
 h - a scroll of blinking {unknown}
 i - a scroll of immolation {unknown}
 j - a scroll of enchant armour {unknown}
 l - a scroll of magic mapping {unknown}
 m - a scroll of remove curse {unknown}
 n - 2 scrolls of identify {unknown}
 o - 2 scrolls of recharging {unknown}
 q - a scroll of amnesia {unknown}
Potions
 f - a potion of poison
 v - a potion of brilliance {unknown}
Books
 b - a Young Poisoner's Handbook

   Spells                             Type                      Level
   a - Sting                          Conjuration/Poison           1
   b - Cure Poison                    Poison                       2
   c - Mephitic Cloud                 Conjuration/Poison/Air       3
   d - Olgreb's Toxic Radiance        Poison                       4
   e - Venom Bolt                     Conjuration/Poison           5
Comestibles
 w - a meat ration


   Skills:
 - Level 1.7 Dodging
 - Level 1.7 Stealth
 * Level 4.3 Spellcasting
 - Level 3.0 Conjurations
 - Level 1.7 Air Magic
 - Level 4.8 Poison Magic


You had 3 spell levels left.
You knew the following spells:

 Your Spells              Type           Power        Failure   Level  Hunger
a - Sting                 Conj/Pois      ###.         3%          1    None
b - Cure Poison           Pois           ###.......   3%          2    ##.....
c - Mephitic Cloud        Conj/Pois/Air  ##......     14%         3    ###....
d - Olgreb's Toxic Radia  Pois           ###.....     24%         4    ####...


Dungeon Overview and Level Annotations

Branches:
Dungeon (3/15)

Altars:
Ashenzari
Ru
Yredelemnul
Zin
The Shining One

Annotations:
D:3 1 runed door


Innate Abilities, Weirdness & Mutations

((You have large cloven feet.))
((You are partially covered in large bone plates (AC +2, SH +2).))
You sometimes gain power by taking damage.


Message History

Drink which item? (? for menu, Esc to quit)
It was a potion of berserk rage.
A red film seems to cover your vision as you go berserk!
You feel yourself moving faster!
You feel mighty!
* * * LOW HITPOINT WARNING * * *
You feel sick. The orc hits you but does no damage.
You are too berserk!
You slash the orc!
You kill the orc!
* * * LOW HITPOINT WARNING * * *
You feel sick.
The orc priest mumbles some strange prayers to Beogh against you.
You are unaffected.
You closely miss the orc.
* * * LOW HITPOINT WARNING * * *
You feel sick. The orc hits you with a dagger.
* * * LOW HITPOINT WARNING * * *
You slice the orc!!
You kill the orc!
You die...

##### ..... ##.#.##.# #
#.....#.### #
#.##..#)o....# ##
#......o# #.####### ##.
####..####.#.....÷.###..
#.o)♣...###....#.....
#.####### #.#.###.#..
#.#########..## ####.
##.##........#.###.###
#................... #
#...#.........#####.##
#.#.#.........# #...
#...#.........# #..#
#(###.........# #.)#


You could see an orc priest.

Vanquished Creatures
  Sigmund (D:2)
  An orc priest (D:3)
  A human zombie (D:3)
  A gnoll (D:1)
  3 adders (D:2)
  4 worms (D:2)
  A giant gecko (D:3)
  2 orcs (D:3)
  5 giant cockroaches
  3 goblins
  7 hobgoblins
  4 jackals (D:3)
  2 ball pythons
  9 bats
  6 giant newts
  A jackal skeleton (D:3)
  12 kobolds
  15 rats
78 creatures vanquished.

Notes
Turn   | Place    | Note
--------------------------------------------------------------
     0 | D:1      | Oddball22 the Demonspawn Venom Mage began the quest for the Orb.
     0 | D:1      | Reached XP level 1. HP: 13/13 MP: 3/3
   423 | D:1      | Gained mutation: You sometimes gain a little power by taking damage. [demonic ancestry]
   423 | D:1      | Reached XP level 2. HP: 19/19 MP: 3/5
   482 | D:1      | Reached skill level 1 in Conjurations
   824 | D:1      | Found a shattered altar of Ashenzari.
   889 | D:1      | Gained mutation: You are partially covered in large bone plates (AC +2, SH +2). [demonic ancestry]
   889 | D:1      | Reached XP level 3. HP: 13/24 MP: 0/6
  1007 | D:1      | Learned a level 2 spell: Cure Poison
  1011 | D:1      | Learned a level 3 spell: Mephitic Cloud
  1517 | D:2      | Gained mutation: You have large cloven feet. [demonic ancestry]
  1517 | D:2      | Reached XP level 4. HP: 21/30 MP: 0/8
  1865 | D:2      | Reached skill level 1 in Air Magic
  2042 | D:2      | Noticed Sigmund
  2046 | D:2      | Found a faded altar to an unknown god.
  2129 | D:2      | Killed Sigmund
  2129 | D:2      | Gained mutation: You sometimes gain power by taking damage. [demonic ancestry]
  2129 | D:2      | Reached XP level 5. HP: 25/35 MP: 5/10
  2256 | D:2      | Learned a level 4 spell: Olgreb's Toxic Radiance
  2570 | D:2      | Found a sacrificial altar of Ru.
  2893 | D:3      | Reached XP level 6. HP: 41/41 MP: 8/11
  2943 | D:3      | Found a glowing golden altar of the Shining One.
  3128 | D:3      | Found a glowing silver altar of Zin.
  3170 | D:3      | Noticed a human
  3171 | D:3      | Found a runed door.
  3421 | D:3      | Found a basalt altar of Yredelemnul.
  3459 | D:3      | HP: 4/91 [poison (a potion of poison)]
  3461 | D:3      | Succumbed to poison (a potion of poison)

Vault maps used:
D:1:      dpeg_arrival_water_fire, corexii_item_surrounded_by_moat,
          ashenzari_altar_1
D:2:      ecumenical_altar_2, nicolae_ru_sacrificial_ziggurat, uniq_sigmund
D:3:      nicolae_tso_carved_into_rock, lemuel_round_altar, nrook_uturn,
          fountainhead, dk_yredelemnul_ordeal

Action                   |  1- 3 |  4- 6 || total
-------------------------+-------+-------++-------
Melee: Short sword       |    23 |       ||    23
       Spear             |    35 |    29 ||    64
       Scythe            |       |    47 ||    47
 Cast: Sting             |    62 |    55 ||   117
  Use: Potion            |       |     4 ||     4
 Stab: Sleeping          |       |     2 ||     2
  Eat: Chunk             |     2 |     3 ||     5
       Bread ration      |       |     1 ||     1
